 Dungeon Crawl Stone Soup version 0.30-a0-364-gf6b3ef1049 (webtiles) character file.

Game seed: 11289439924898959459

72851 ragingrage the Spry (level 15, -8/129 HPs)
             Began as a Merfolk Chaos Knight on Nov 15, 2022.
             Was a Plaything of Xom.
             Mangled by a wolf spider simulacrum (42 damage)
             ... on level 12 of the Dungeon.
             The game lasted 00:29:22 (22512 turns).

ragingrage the Spry (Merfolk Chaos Knight)         Turns: 22512, Time: 00:29:22

Health: -8/129     AC: 10    Str: 16    XL:     15   Next: 41%
Magic:  9/15       EV: 28    Int: 11    God:    Xom [..*...]
Gold:   1296       SH:  0    Dex: 30    Spells: 14/14 levels left

rFire   + . .      SeeInvis .    a - +4 scimitar (freeze)
rCold   x . .      Faith    +    (no shield)
rNeg    . . .      Spirit   .    g - +0 acid dragon scales
rPois   +          Reflect  .    G - +0 helmet
rElec   .          Harm     .    A - +0 cloak
rCorr   +          Rampage  .    x - +0 pair of gloves
Will    +....      Clarity  +    m - +1 pair of boots
Stlth   ++++++....               d - amulet of faith
HPRegen 0.41/turn                J - ring of Mephe {Fire rPois Int-2 Dex+6}
MPRegen 0.14/turn                U - ring of poison resistance

@: unable to read
A: (nimble swimmer 2), mertail, thin skeletal structure 1, agile 1, clarity,
clever 1, deformed body, sense surroundings 1, strong 1, wild magic 1, inability
to read after injury 1, MP-powered wands
a: Renounce Religion


You were on level 12 of the Dungeon.
You worshipped Xom.
You were a toy of Xom.
You visited 2 branches of the dungeon, and saw 19 of its levels.
You also visited: Sewer and Bailey.

You collected 1384 gold pieces.
You spent 88 gold pieces at shops.

Inventory:

Hand Weapons
 a - a +4 scimitar of freezing (weapon)
 b - the +5 triple crossbow "Jyukhli" {flame, rF+}
   (You took it off an orc knight in a bailey)

   Any ammunition fired from it burns those it strikes, dealing additional fire
   damage.
   rF:        It protects you from fire.
 c - the +11 dire flail of Xom's Grace {spect, Will+ Str+4 Int+4}
   (Xom gifted it to you on level 3 of the Lair of Beasts)

   When its wielder attacks, the weapon's spirit leaps out and strikes again.
   The spirit shares a part of any damage it takes with its wielder.
   Str:       It affects your strength (+4).
   Int:       It affects your intelligence (+4).
   Will:      It increases your willpower.
Missiles
 H - 28 poisoned darts
 S - 5 silver javelins
Armour
 g - +0 acid dragon scales (worn)
 m - a +1 pair of boots (worn)
 x - a +0 pair of gloves (worn)
 A - a +0 cloak (worn)
 G - a +0 helmet (worn)
 O - a +1 robe of cold resistance
Jewellery
 d - an amulet of faith (around neck)
 t - a ring of ice
 J - the ring of Mephe (left hand) {Fire rPois Int-2 Dex+6}
   (You found it on level 8 of the Dungeon)

   [ring of fire]

   It enhances your fire magic.
   Int:       It affects your intelligence (-2).
   Dex:       It affects your dexterity (+6).
   rF:        It protects you from fire.
   rC:        It makes you vulnerable to cold.
   rPois:     It protects you from poison.
 T - a ring of resist corrosion
 U - a ring of poison resistance (right hand)
Wands
 l - a wand of mindburst (35)
 q - a wand of digging (10)
 y - a wand of polymorph (5)
 z - a wand of paralysis (18)
 E - a wand of iceblast (6)
 K - a wand of quicksilver (3)
 X - a wand of flame (6)
Scrolls
 f - 9 scrolls of teleportation
 h - a scroll of enchant weapon
 i - 5 scrolls of fog
 k - 4 scrolls of magic mapping
 n - 3 scrolls of amnesia
 s - 2 scrolls of immolation
 u - 2 scrolls of fear
 v - 6 scrolls of identify
 w - 3 scrolls of summoning
 B - a scroll of blinking
 M - 5 scrolls of brand weapon
 N - 3 scrolls of vulnerability
 W - 2 scrolls of poison
Potions
 e - 3 potions of curing
 j - 2 potions of magic
 o - 2 potions of mutation
 p - 4 potions of might
 r - 3 potions of invisibility
 D - 2 potions of flight
 I - a potion of ambrosia
 L - a potion of lignification
 P - 2 potions of haste
 Q - 2 potions of resistance
 R - a potion of berserk rage
 Z - a potion of attraction
Miscellaneous
 C - a tin of tremorstones (1/2)
 V - a lightning rod (4/4)
 Y - a piece from Xom's chessboard (15/15)


   Skills:
 + Level 15.2 Fighting
 - Level 14.0 Long Blades
 - Level 5.0 Armour
 + Level 15.4 Dodging
 + Level 9.6 Stealth
 + Level 13.2 Evocations


You had 14 spell levels left.
You didn't know any spells.
Your spell library contained the following spells:

 Spells                   Type           Power      Damage    Failure   Level
 Magic Dart               Conj           0%         1d3       52%         1
 Necrotise                Necr           0%         1d4       52%         1
 Call Imp                 Summ           0%         N/A       65%         2
 Call Canine Familiar     Summ           0%         N/A       86%         3
 Hailstorm                Conj/Ice       0%         3d3       86%         3
 Inner Flame              Hex/Fire       0%         N/A       86%         3
 Mephitic Cloud           Conj/Pois/Air  0%         N/A       86%         3
 Portal Projectile        Hex/Tloc       0%         N/A       86%         3
 Vampiric Draining        Necr           0%         2d6       86%         3
 Flame Wave               Conj/Fire      0%         2d4       99%         4
 Ice Form                 Ice/Tmut       0%         N/A       99%         4
 Leda's Liquefaction      Hex/Erth       0%         N/A       99%         4
 Sticky Flame             Conj/Fire      0%         2d3       99%         4
 Agony                    Necr           0%         N/A       100%        5
 Alistair's Intoxication  Tmut/Pois      0%         N/A       100%        5
 Borgnjor's Vile Clutch   Necr/Erth      0%         N/A       100%        5
 Eringya's Noxious Bog    Tmut/Pois      0%         N/A       100%        6
 Simulacrum               Ice/Necr       0%         N/A       100%        6


Dungeon Overview and Level Annotations

Branches:
Dungeon (14/15)            Temple (0/1) D:7            Lair (5/5) D:11
 Shoals (0/4) Lair:3       Spider (0/4) Lair:2        Slime (0/5) Lair:4
    Orc (0/2) D:9           Sewer (visited)          Bailey (visited)
 Vaults: D:13-14

Altars:
Cheibriados
Hepliaklqana
Makhleb
Okawaru
Uskayaw
Wu Jian
Xom
Yredelemnul
The Shining One
Jiyva

Shops:
D:5 (   D:9 ?

Portals:
Trove: D:12 (show slimy rune of Zot)

Annotations:
D:6 Eustachio
D:7 2 transporters, 1 runed translucent door, Crazy Yiuf; greasedhog's ghost, novice FoFi
D:10 1 runed translucent door


Innate Abilities, Weirdness & Mutations

((You are very nimble when in or above water. (Stealth+, EV+, Speed+++)))
Your lower body shifts to a powerful aquatic tail in water.
You have a somewhat thin skeletal structure. (Dex +2, Stealth+)
You are agile. (Dex +4, Str/Int -1)
You possess an exceptional clarity of mind.
Your mind is acute. (Int +4, Str/Dex -1)
Armour fits poorly on your strangely shaped body.
You passively map a small area around you.
Your muscles are strong. (Str +4, Int/Dex -1)
Your spells are a little harder to cast, but a little more powerful.
You occasionally lose the ability to read scrolls when taking damage.
You expend magic power (3 MP) to strengthen your wands.


Message History

The boulder beetle is severely wounded.
The helpless boulder beetle fails to defend itself.
You hit the boulder beetle but do no damage.
The boulder beetle is severely wounded.
The helpless boulder beetle fails to defend itself.
You slice the boulder beetle!! You freeze the boulder beetle!
You kill the boulder beetle!
You start resting.
Magic restored.
You start resting.
A wolf spider simulacrum comes into view.
That's the wrong kind of item! (Use * to select it.) Evoke which item? (* to show all) (? for menu, Esc to quit)
Okay, then.
Aiming: Throw Flame
Press: ? - help, Shift-Dir - straight line, f - wolf spider simulacrum
Aim: a wolf spider simulacrum (92% to hit)
You feel a surge of power!
The puff of flame hits the wolf spider simulacrum.
The wolf spider simulacrum melts!
The wolf spider simulacrum is moderately damaged.
Aiming: Throw Flame
Press: ? - help, Shift-Dir - straight line, f/p - wolf spider simulacrum
Aim: a wolf spider simulacrum (moderately damaged, 92% to hit)
You feel a surge of power!
The puff of flame hits the wolf spider simulacrum!
The wolf spider simulacrum melts!
The wolf spider simulacrum is severely damaged.
The wolf spider simulacrum hits you but does no damage.
The wolf spider simulacrum bites you but does no damage.
You slash the wolf spider simulacrum!
The wolf spider simulacrum is almost destroyed.
The wolf spider simulacrum hits you.
* * * LOW HITPOINT WARNING * * *
The wolf spider simulacrum freezes you!!!
You feel a terrible chill!
Xom thinks this is hilarious!
You feel threatened and lose the ability to read scrolls!
You die...
Xom snickers!

########.#, #..?.. , * ##....#
.......#.#.###..c# , .### ###..#
######.#.#B8..B..# .(.8 #..#
.....#.#.#* #.)# 88# * #...
.......#.####..######..### ##.#.
####.###.##8....8##8....8# #..#.
)))......##......##......# #.##.
####.###.##..##......##..# #.##.
####'######)†##Z@....##..# #.#≈.
.#.......##......##......# #.~~.
.#.......##8....8##8....8# #.#≈.
(#.......####..######..### #.##.
##.......####88######..### #.##.
###+######8....8##8....8# #.###
#.# ####......##......####....
#.###.......................##
####.##...##...!......######...#


You could see a boulder beetle (wandering) and a wolf spider simulacrum.

Vanquished Creatures
  A spark wasp (Lair:3)
  6 hydras
  5 centaur warriors
  A catoblepas (D:14)
  4 boulder beetles
  3 death yaks
  2 two-headed ogres (D:12)
  A tengu warrior (D:14)
  Urug (Lair:2)
  Lodul (D:11)
  2 ugly things
  An orc knight (Bailey)
  A deep elf pyromancer (D:12)
  A manticore (D:12)
  A manticore (shapeshifter) (D:10)
  4 cyclopes
  A moth of wrath (shapeshifter) (D:4)
  A merfolk siren (Lair:3)
  17 elephants
  5 black mambas
  2 molten gargoyles (Lair:1)
  Psyche (D:11)
  11 cane toads
  An unseen horror (D:12)
  6 komodo dragons
  3 rime drakes
  3 trolls
  A merfolk (D:11)
  A meliai (shapeshifter) (Lair:5)
  8 slime creatures
  3 polar bears
  8 blink frogs (Lair:5)
  53 yaks
  2 wyverns
  A ynoxinul (Lair:5)
  2 shadows (D:9)
  A water elemental (D:12)
  3 wraiths (D:12)
  A fire elemental (Lair:1)
  A redback (Lair:2)
  5 basilisks
  13 vampire mosquitoes
  4 acid dragons
  11 water moccasins
  13 orc warriors
  2 sky beasts
  An ice beast (D:7)
  12 ogres
  6 centaurs
  6 wolves
  3 phantoms
  19 bullfrogs
  A kobold brigand (D:7)
  3 scorpions
  5 wights
  A troll zombie (D:9)
  9 killer bees
  2 vampire bats (Lair:1)
  6 howler monkeys
  5 electric eels
  A jelly (D:7)
  3 lava snakes (Lair:4)
  11 orc priests
  5 hounds
  2 gnoll boudas (D:4)
  3 iguanas
  Jessica (D:2)
  15 orc wizards
  8 hell rats
  6 small abominations (Lair:5)
  6 ogre zombies (D:9)
  10 adders
  14 gnolls
  6 river rats
  A shadow imp (D:6)
  2 white imps
  2 worms
  3 dart slugs
  37 orcs
  21 ball pythons
  13 bats
  8 endoplasms
  A giant cockroach (D:2)
  5 goblins
  5 hobgoblins
  8 jackals
  4 kobolds
  2 quokkas (D:4)
  3 frilled lizards
  2 goblin skeletons (D:9)
  A goblin zombie (D:9)
  A hobgoblin skeleton (D:9)
  2 hobgoblin zombies (D:9)
  4 orc skeletons (D:9)
  12 orc zombies (D:9)
  29 rats
  A spectral orc (D:8)
556 creatures vanquished.

Vanquished Creatures (collateral kills)
  A blink frog (Lair:5)
  A yak (D:10)
  An ice beast (D:8)
  An ogre zombie (D:9)
  A river rat (D:5)
  A white imp (D:8)
  An orc (Bailey)
  A hobgoblin zombie (D:9)
  2 orc zombies (D:9)
10 creatures vanquished.

Vanquished Creatures (others)
  An elephant (Lair:4)
  A yak (D:10)
  An orc warrior (Bailey)
  A centaur (D:9)
  An ufetubus (D:6)
  A bush (Lair:4)
  16 fungi
  31 plants
53 creatures vanquished.

Grand Total: 619 creatures vanquished

Notes
Turn   | Place    | Note
-------+----------+-------------------------------------------
     0 | D:1      | ragingrage the Merfolk Chaos Knight began the quest for the
                  | Orb.
     0 | D:1      | Reached XP level 1. HP: 18/18 MP: 1/1
   197 | D:1      | Reached XP level 2. HP: 18/24 MP: 2/2
   245 | D:1      | XOM: silly message
   248 | D:1      | XOM: divination: detect creatures
   356 | D:1      | Found a faded altar of an unknown god.
   630 | D:1      | Reached XP level 3. HP: 27/29 MP: 3/3
   632 | D:1      | Reached skill level 5 in Long Blades
   902 | D:1      | XOM: divination: detect creatures
   956 | D:2      | Noticed Jessica
   959 | D:2      | XOM: smoke on damage
   964 | D:2      | Killed Jessica
   965 | D:2      | Reached XP level 4. HP: 30/35 MP: 4/4
  1364 | D:2      | XOM is BORED!
  1364 | D:2      | XOM: give mutations
  1364 | D:2      | Gained mutation: Armour fits poorly on your strangely
                  | shaped body. [Xom's mischief]
  1364 | D:2      | Lost mutation: Armour fits poorly on your strangely shaped
                  | body. [Xom's mischief]
  1784 | D:2      | XOM: silly message
  2308 | D:3      | XOM: summons 3 hostile demons
  2383 | D:4      | XOM: noise
  2574 | D:3      | XOM: 7-stop teleportation journey
  2918 | D:4      | Reached XP level 5. HP: 41/41 MP: 5/5
  3018 | D:4      | a ball python changed into a shapeshifter
  3018 | D:4      | Noticed a shapeshifter (shapeshifter)
  3018 | D:4      | XOM: polymorph ball python -> shapeshifter
  3018 | D:4      | a shapeshifter changed into a guardian serpent
  3018 | D:4      | Noticed a guardian serpent (shapeshifter)
  3019 | D:4      | a guardian serpent changed into a moth of wrath
  3019 | D:4      | Noticed a moth of wrath (shapeshifter)
  3021 | D:4      | XOM: butterfly on damage
  3027 | D:4      | Killed a moth of wrath
  3028 | D:4      | Reached XP level 6. HP: 6/47 MP: 6/6
  3028 | D:4      | Reached XP level 7. HP: 7/52 MP: 7/7
  3205 | D:4      | XOM: stat loss: -1 Str (11/12)
  3466 | D:4      | XOM: polymorph orc -> endoplasm
  3491 | D:4      | Reached skill level 10 in Long Blades
  3506 | D:4      | XOM: silly message
  3612 | D:4      | XOM: polymorph gnoll -> iguana
  3615 | D:4      | XOM: enchant monster (good)
  3799 | D:4      | XOM: cloud trail
  3882 | D:4      | XOM: 4-stop teleportation journey
  3930 | D:4      | XOM: cloud trail
  4102 | D:4      | XOM: fog
  4112 | D:4      | XOM: destruction
  4118 | D:4      | Reached XP level 8. HP: 58/58 MP: 8/8
  4179 | D:4      | XOM: give mutation
  4179 | D:4      | Gained mutation: You have hidden genetic potential. [Xom's
                  | grace]
  4445 | D:5      | Entered Level 5 of the Dungeon
  4569 | D:5      | XOM: 1-stop teleportation journey
  4578 | D:5      | Found Vuaraov's Weapon Boutique.
  4617 | D:5      | XOM: summons 2 friendly demons
  4629 | D:5      | Found a glowing drain.
  4708 | Sewer    | Entered a sewer
  5014 | Sewer    | XOM: polymorph ball python -> adder
  5366 | D:5      | XOM: scenery: summon butterflies
  5869 | D:5      | XOM: scenery: create altars
  5912 | D:6      | XOM: fog
  6006 | D:6      | Reached XP level 9. HP: 50/64 MP: 9/9
  6104 | D:6      | XOM: god gift: scale mail {god gift}
  6110 | D:6      | Gained mutation: You are agile. (Dex +4, Str/Int -1)
                  | [hidden potential]
  6237 | D:6      | Noticed Eustachio
  6238 | D:6      | XOM: scenery: summon butterflies
  6249 | D:7      | Found an iron altar of Okawaru.
  6302 | D:7      | XOM: noise
  6303 | D:7      | XOM: cast spell 'Dispersal'
  6312 | D:7      | XOM: cast spell 'Olgreb's Toxic Radiance'
  6318 | D:7      | XOM: butterfly on damage
  6321 | D:7      | Reached skill level 1 in Evocations
  6335 | D:7      | Found a glowing golden altar of the Shining One.
  6362 | D:7      | Found a flagged portal.
  6362 | D:7      | XOM: 1-stop teleportation journey
  6367 | D:6      | XOM: confuse monster(s)
  6479 | Bailey   | Entered a bailey
  6504 | Bailey   | XOM: noise
  6505 | Bailey   | XOM: summons friendly quasit
  6634 | Bailey   | Reached skill level 5 in Dodging
  6820 | Bailey   | Reached skill level 5 in Fighting
  6875 | Bailey   | XOM: give mutations
  6875 | Bailey   | Gained mutation: You expend magic power (3 MP) to
                  | strengthen your wands. [Xom's grace]
  6875 | Bailey   | Gained mutation: Your muscles are strong. (Str +4, Int/Dex
                  | -1) [Xom's grace]
  6875 | Bailey   | Gained mutation: Your spells are a little harder to cast,
                  | but a little more powerful. [Xom's grace]
  6875 | Bailey   | Gained mutation: Your muscles are very strong. (Str +8,
                  | Int/Dex -2) [Xom's grace]
  6964 | Bailey   | XOM: divine lightning
  7012 | Bailey   | XOM: god gift: 46 gold pieces
  7320 | Bailey   | Identified the +5 triple crossbow "Jyukhli" {flame, rF+}
  7320 | Bailey   | Noticed an orc knight
  7323 | Bailey   | Killed an orc knight
  7324 | Bailey   | Reached XP level 10. HP: 20/76 MP: 0/10
  7336 | Bailey   | XOM: cloud trail
  7346 | Bailey   | Gained mutation: You possess an exceptional clarity of
                  | mind. [hidden potential]
  7346 | Bailey   | Lost mutation: You have hidden genetic potential. [hidden
                  | potential expressed]
  7379 | Bailey   | XOM: enchant monster (good)
  7443 | Bailey   | XOM: god gift: wand of iceblast (5)
  7611 | D:7      | XOM: 2-stop teleportation journey
  7643 | D:7      | XOM: 1-stop teleportation journey
  7706 | D:7      | Reached skill level 10 in Dodging
  7706 | D:7      | Reached XP level 11. HP: 89/89 MP: 11/11
  7779 | D:7      | Found a transporter.
  7781 | D:7      | Found a transporter.
  7783 | D:7      | Noticed greasedhog's ghost (novice FoFi)
  7842 | D:7      | Found a burning altar of Makhleb.
  7895 | D:7      | XOM: polymorph howler monkey -> centaur
  8013 | D:7      | XOM: stat loss: -1 Dex (19/20)
  8072 | D:7      | Found a hazy altar of Hepliaklqana.
  8074 | D:7      | Found a hide-covered altar of Uskayaw.
  8074 | D:7      | Found a snail-covered altar of Cheibriados.
  8103 | D:7      | Found a runed translucent door.
  8104 | D:7      | Noticed Crazy Yiuf
  8287 | D:7      | Found a staircase to the Ecumenical Temple.
  8358 | D:7      | XOM: summons 4 hostile demons
  8419 | D:7      | XOM: give mutations
  8419 | D:7      | Gained mutation: Armour fits poorly on your strangely
                  | shaped body. [Xom's mischief]
  8419 | D:7      | Gained mutation: You are frail. (-10% HP) [Xom's mischief]
  8419 | D:7      | Lost mutation: You possess an exceptional clarity of mind.
                  | [Xom's mischief]
  8451 | D:7      | XOM: stat loss: -1 Str (19/20)
  8648 | D:7      | XOM: smoke on damage
  8979 | D:8      | XOM: enchant monster (good)
  8989 | D:8      | XOM: cast spell 'Leda's Liquefaction'
  9000 | D:8      | Lost mutation: Your spells are a little harder to cast, but
                  | a little more powerful. [potion of mutation]
  9000 | D:8      | Lost mutation: Armour fits poorly on your strangely shaped
                  | body. [potion of mutation]
  9000 | D:8      | Gained mutation: You have hidden genetic potential. [potion
                  | of mutation]
  9000 | D:8      | Gained mutation: You have a pair of small horns on your
                  | head. [potion of mutation]
  9000 | D:8      | HP: 2/81 [orc warrior/+0 dire flail (4)]
  9180 | D:8      | XOM: cast spell 'Monstrous Menagerie'
  9300 | D:8      | Reached skill level 10 in Fighting
  9387 | D:8      | XOM: noise
  9388 | D:8      | Found a basalt altar of Yredelemnul.
  9438 | D:8      | Found an ornate altar of the Wu Jian Council.
  9438 | D:8      | XOM: 6-stop teleportation journey
  9660 | D:8      | XOM: confuse monster(s)
  9807 | D:8      | XOM: scenery: summon butterflies
  9908 | D:8      | Identified the ring of Mephe {Fire rPois Int-2 Dex+6}
  9978 | D:8      | XOM: chaos upgrade
 10047 | D:8      | XOM: noise
 10091 | D:9      | XOM: chaos upgrade
 10096 | D:9      | XOM: polymorph orc warrior -> iguana
 10256 | D:9      | XOM: enchant monster (good)
 10284 | D:9      | XOM: blink monster(s)
 10302 | D:9      | Reached skill level 1 in Armour
 10346 | D:9      | XOM: summons friendly white imp
 10469 | D:9      | XOM: noise
 10497 | D:10     | Entered Level 10 of the Dungeon
 10531 | D:10     | XOM: god gift: 24 gold pieces
 10592 | D:10     | XOM: cloud trail
 11035 | D:9      | XOM: god gift: 42 gold pieces
 11059 | D:9      | XOM: divination: detect items
 11079 | D:9      | XOM: enchant monster (good)
 11086 | D:9      | XOM: summons 2 hostile demons
 11099 | D:9      | XOM: summons 2 hostile demons
 11100 | D:9      | Noticed a soul eater
 11106 | D:9      | XOM: 2-stop teleportation journey
 11273 | D:9      | XOM: give mutations
 11273 | D:9      | Lost mutation: Your muscles are very strong. (Str +8,
                  | Int/Dex -2) [Xom's mischief]
 11273 | D:9      | Gained mutation: Armour fits poorly on your strangely
                  | shaped body. [Xom's mischief]
 11273 | D:9      | Lost mutation: You have a pair of small horns on your head.
                  | [Xom's mischief]
 11273 | D:9      | Gained mutation: Your body sometimes deteriorates upon
                  | taking damage. [Xom's mischief]
 11475 | D:9      | XOM: summons 2 hostile shadow creatures
 11517 | D:8      | XOM: noise
 11661 | D:9      | Found a staircase to the Orcish Mines.
 11784 | D:9      | XOM: give mutation
 11784 | D:9      | Gained mutation: You occasionally lose the ability to drink
                  | potions when taking damage. [Xom's mischief]
 11821 | D:9      | Found Ylotahoa's Magic Scroll Emporium.
 11829 | D:9      | Bought a scroll of fear for 44 gold pieces
 11829 | D:9      | Bought a scroll of identify for 22 gold pieces
 11829 | D:9      | Bought a scroll of identify for 22 gold pieces
 11942 | D:10     | XOM: summons 3 hostile demons
 11959 | D:10     | Reached XP level 12. HP: 71/88 MP: 12/12
 11985 | D:10     | Reached XP level 13. HP: 67/95 MP: 13/13
 12105 | D:10     | XOM: polymorph gnoll sergeant -> glowing shapeshifter
 12190 | D:10     | XOM: enchant monster (good)
 12305 | D:10     | XOM: give mutations
 12305 | D:10     | Gained mutation: You occasionally lose the ability to read
                  | scrolls when taking damage. [Xom's mischief]
 12305 | D:10     | Lost mutation: You occasionally lose the ability to drink
                  | potions when taking damage. [Xom's mischief]
 12305 | D:10     | Lost mutation: You have hidden genetic potential. [Xom's
                  | mischief]
 12398 | D:10     | Found a runed translucent door.
 12398 | D:10     | XOM: noise
 12403 | D:10     | Noticed a stone giant
 12523 | D:10     | Found a shimmering altar of Xom.
 12732 | D:10     | XOM: give mutation
 12732 | D:10     | Lost mutation: Your body sometimes deteriorates upon taking
                  | damage. [Xom's mischief]
 12826 | D:11     | XOM: give mutation
 12826 | D:11     | Gained mutation: Your spells are a little harder to cast,
                  | but a little more powerful. [Xom's grace]
 12831 | D:11     | XOM: scenery: summon butterflies
 12860 | D:11     | XOM: god gift: ring mail {god gift}
 12915 | D:11     | Noticed Psyche
 12920 | D:11     | Killed Psyche
 13162 | D:11     | XOM: cast spell 'Chain of Chaos'
 13203 | D:11     | Noticed Lodul
 13205 | D:11     | XOM: cleaving
 13210 | D:11     | XOM: summons 4 hostile shadow creatures
 13212 | D:11     | Killed Lodul
 13215 | D:11     | Found a staircase to the Lair.
 13215 | D:11     | XOM: 5-stop teleportation journey
 13337 | D:11     | XOM: noise
 13340 | D:11     | XOM: cleaving
 13609 | D:11     | XOM: noise
 13617 | D:11     | XOM: silly message
 13620 | D:11     | XOM: chaos cloud
 13631 | D:10     | Reached skill level 10 in Evocations
 13775 | D:10     | XOM: divination: magic mapping
 13934 | D:11     | Noticed Fannar
 13955 | D:11     | You fall into a shaft and drop 3 floors!
 14020 | D:14     | XOM: divine lightning
 14028 | D:14     | Reached skill level 5 in Armour
 14066 | D:14     | XOM: 1-stop teleportation journey
 14439 | D:14     | Reached skill level 1 in Stealth
 14441 | D:14     | XOM: scenery: summon butterflies
 14527 | D:14     | XOM: 1-stop teleportation journey
 14557 | D:14     | XOM: summons 6 friendly demons
 14588 | D:14     | XOM: summons friendly shadow imp
 14597 | D:14     | XOM: scenery: summon butterflies
 14782 | D:13     | Reached skill level 15 in Dodging
 14790 | D:13     | XOM: summons friendly iron imp
 15255 | D:12     | XOM: scenery: 2 doors close
 15303 | D:12     | XOM: confuse monster(s)
 15417 | D:11     | XOM: confuse monster(s)
 15419 | D:11     | XOM: confuse monster(s)
 15422 | D:11     | Fannar changed into Fannar the merfolk
 15422 | D:11     | Noticed Fannar
 15422 | D:11     | XOM: polymorph Fannar -> Fannar the merfolk
 15429 | D:11     | Killed Fannar the merfolk
 15453 | Lair:1   | XOM: noise
 15453 | Lair:1   | Entered Level 1 of the Lair of Beasts
 15469 | Lair:1   | XOM: give mutations
 15469 | Lair:1   | Gained mutation: Your flesh is cold resistant. (rC+) [Xom's
                  | grace]
 15469 | Lair:1   | Lost mutation: You are frail. (-10% HP) [Xom's grace]
 15469 | Lair:1   | Gained mutation: You passively map a small area around you.
                  | [Xom's grace]
 15473 | Lair:1   | XOM: scenery: summon butterflies
 15554 | Lair:1   | XOM: god gift: potion of haste
 15579 | Lair:1   | Reached skill level 5 in Stealth
 15595 | Lair:1   | Identified the +0 robe of Birdsong {rCorr Str+2}
 15617 | Lair:1   | Reached XP level 14. HP: 98/118 MP: 14/14
 15809 | Lair:1   | XOM: 7-stop teleportation journey
 15888 | Lair:1   | XOM: give mutations
 15888 | Lair:1   | Gained mutation: You are very agile. (Dex +8, Str/Int -2)
                  | [Xom's grace]
 15888 | Lair:1   | Gained mutation: Your mind is acute. (Int +4, Str/Dex -1)
                  | [Xom's grace]
 15888 | Lair:1   | Gained mutation: Your movements are slightly less
                  | encumbered by armour. (ER -2) [Xom's grace]
 16017 | Lair:1   | XOM: cloud trail
 16121 | Lair:1   | XOM: scenery: create altars
 16403 | Lair:2   | XOM: divination: detect items
 16408 | Lair:2   | XOM: confuse monster(s)
 16415 | Lair:2   | XOM: fog
 16418 | Lair:2   | XOM: cleaving
 16606 | Lair:2   | XOM: 1-stop teleportation journey
 16607 | Lair:2   | Found a hole to the Spider Nest.
 16686 | Lair:2   | XOM: summons 1 hostile shadow creature
 16858 | Lair:2   | Noticed Urug
 16871 | Lair:2   | Killed Urug
 16880 | Lair:2   | XOM: 4-stop teleportation journey
 16977 | Lair:2   | XOM: swap monsters
 17000 | Lair:2   | XOM: summons friendly ufetubus
 17002 | Lair:2   | XOM: fake destruction
 17125 | Lair:2   | XOM: polymorph ufetubus -> shadow imp
 17343 | Lair:2   | XOM: divination: magic mapping
 17371 | Lair:3   | XOM: stealth player
 17550 | Lair:3   | XOM: 5-stop teleportation journey
 17560 | Lair:3   | XOM: polymorph six-headed hydra -> spark wasp
 17819 | Lair:3   | Found a staircase to the Shoals.
 17899 | Lair:3   | XOM: god gift: long sword {god gift}
 17977 | Lair:3   | XOM: confuse monster(s)
 18062 | Lair:3   | XOM: cloud trail
 18158 | Lair:3   | XOM: give mutations
 18158 | Lair:3   | Gained mutation: You have a somewhat thin skeletal
                  | structure. (Dex +2, Stealth+) [Xom's grace]
 18158 | Lair:3   | Gained mutation: You possess an exceptional clarity of
                  | mind. [Xom's grace]
 18318 | Lair:3   | Identified the +11 dire flail of Xom's Grace {spect, Will+
                  | Str+4 Int+4} (Xom gifted it to you on level 3 of the Lair
                  | of Beasts)
 18318 | Lair:3   | XOM: god gift: +11 dire flail of Xom's Grace {spect, Will+
                  | Str+4 Int+4}
 19083 | Lair:4   | XOM: god gift: 27 gold pieces
 19206 | Lair:4   | XOM: blink monster(s)
 19208 | Lair:4   | XOM: enchant monster (good)
 19209 | Lair:4   | XOM: enchant monster (good)
 19211 | Lair:4   | XOM: summons 5 friendly demons
 19516 | Lair:4   | Found a viscous altar of Jiyva.
 19520 | Lair:4   | XOM: potion effect (haste)
 19529 | Lair:4   | Found a staircase to the Slime Pits.
 19561 | Lair:4   | XOM: cloud trail
 19718 | Lair:4   | XOM: 3-stop teleportation journey
 19785 | Lair:5   | Entered Level 5 of the Lair of Beasts
 19996 | Lair:5   | XOM: silly message
 19997 | Lair:5   | XOM: cast spell 'Summon Small Mammal'
 20007 | Lair:5   | XOM: summons 3 friendly demons
 20012 | Lair:5   | XOM: summons friendly quasit
 20019 | Lair:5   | XOM: potion effect (invisibility)
 20021 | Lair:5   | Reached skill level 15 in Fighting
 20036 | Lair:5   | XOM: enchant monster (good)
 20040 | Lair:5   | Reached XP level 15. HP: 85/129 MP: 15/15
 20243 | Lair:5   | XOM: give mutation
 20243 | Lair:5   | Lost mutation: Your flesh is cold resistant. (rC+) [Xom's
                  | mischief]
 20457 | Lair:5   | XOM: fake destruction
 20496 | Lair:5   | XOM: give mutations
 20496 | Lair:5   | Lost mutation: Your movements are slightly less encumbered
                  | by armour. (ER -2) [Xom's mischief]
 20496 | Lair:5   | Lost mutation: You are very agile. (Dex +8, Str/Int -2)
                  | [Xom's mischief]
 20801 | Lair:5   | XOM: confuse monster(s)
 20804 | Lair:5   | XOM: confuse monster(s)
 20934 | Lair:5   | XOM: god gift: 3 scrolls of brand weapon
 21161 | Lair:5   | XOM: divination: detect creatures
 21163 | Lair:5   | XOM: noise
 21213 | Lair:5   | XOM: 2-stop teleportation journey
 21835 | D:12     | Found a portal to a secret trove of treasure.
 22015 | D:12     | XOM: summons 8 hostile demons
 22024 | D:12     | XOM: scenery: 1 doors close
 22433 | D:12     | HP: 2/129 [boulder beetle (15)]
 22512 | D:12     | Mangled by a wolf spider simulacrum

Illustrated notes

Levels and vault maps discovered:
D:1:      nicolae_arrival_somewhat_less_tricky_arrival, layout_basic,
          basic_ecumenical_altar, st_stairs_13
D:2:      layout_basic, uniq_jessica
D:3:      layout_loops_ring, grunt_decor_arrowhead
D:4:      layout_loops_corners
D:5:      layout_loops_ring, portal_sewer_entry_b, serial_shops,
          nicolae_take_the_stairs
D:6:      layout_layer_cave, uniq_menkaure, uniq_eustachio
D:7:      minmay_octagon_keep, layout_rooms, mainiacjoe_overflow_catch_the_wave,
          amcnicky_altar_gilded, grunt_temple_overflow_diamond,
          minmay_temple_entry_purple_smoke, gammafunk_ghost_hive,
          enter_bailey_2, kennysheep_generic_room_9, uniq_crazy_yiuf_cottage
D:8:      layout_basic, yredelemnul_forgotten_temple_becter,
          nicolae_wu_jian_wuxing_cycle
D:9:      layout_layer_cave, zombieorc2_lemuel, serial_shops, nicolae_shop_stone
D:10:     layout_rooms, xom_teletrap_fun, minivault_13
D:11:     layout_loops_cross, dpeg_lair_monsters, serial_bayou_pond_c,
          uniq_psyche, uniq_fannar, uniq_lodul
D:12:     minmay_blocking_statues, layout_basic, enter_trove_1,
          hangedman_corner_corridor
D:13:     layout_basic, david_vaults_1, uniq_snorg
D:14:     layout_loops_ring, minmay_misc_feat_chi
Lair:1:   layout_gridlike, roderic_batcave, minivault_24
Lair:2:   layout_gridlike, spider_nest_entry_rubble, lemuel_fruit_fields,
          uniq_urug
Lair:3:   dreamdust_cave_troll, layout_cave_pods, elwin_shoals_entry_rooms
Lair:4:   layout_small_grid, dpeg_slime_entry_corner, nicolae_lair_liquid_snakes
Lair:5:   hellmonk_lair_end_abyssal_woods, layout_regular_city,
          lemuel_fruit_tree, lemuel_fruit_fields, grunt_megastairs_4

Skill      XL: |  1  2  3  4  5  6  7  8  9 10 11 12 13 14 15 |
---------------+----------------------------------------------+-----
Long Blades    | 4 5 6 9 11 13 14 | 14.0
Dodging        | 6 10 12 13 15 | 15.4
Evocations     | 4 7 8 9 10 12 13 | 13.2
Fighting       | 6 9 10 11 13 15 | 15.2
Armour         | 2 3 5 |  5.0
Stealth        | 5 9 |  9.6

Action                   |  1- 3 |  4- 6 |  7- 9 | 10-12 | 13-15 || total
-------------------------+-------+-------+-------+-------+-------++-------
Melee: Falchion          |    55 |    69 |       |       |       ||   124
       Long sword        |       |    35 |   478 |   240 |       ||   753
       Punch             |       |       |     5 |     4 |     5 ||    14
       Tailslap          |       |       |     9 |       |     2 ||    11
       Scimitar          |       |       |       |   175 |   545 ||   720
       Headbutt          |       |       |       |    35 |       ||    35
       Dire flail        |       |       |       |       |    18 ||    18
 Fire: Triple crossbow   |       |       |       |    51 |   268 ||   319
Throw: Boomerang         |       |       |    12 |       |       ||    12
       Throwing net      |       |       |     1 |       |     1 ||     2
Evoke: Wand              |       |       |     5 |       |     8 ||    13
       Tin of tremorston |       |       |       |       |     2 ||     2
  Use: Potion            |       |       |     9 |     5 |     2 ||    16
       Scroll            |       |       |     2 |    11 |     6 ||    19
 Stab: Sleeping          |     1 |       |       |     1 |     4 ||     6
       Confused          |       |       |     2 |     1 |    11 ||    14
       Distracted        |       |       |     1 |       |     3 ||     4
       Petrified         |       |       |       |       |     6 ||     6
       Petrifying        |       |       |       |       |     1 ||     1
       Invisible         |       |       |       |       |     9 ||     9
       Paralysed         |       |       |       |       |     7 ||     7
Armor: Leather armour    |    24 |    29 |   132 |    77 |    84 ||   346
       Acid dragon scale |       |       |       |       |    10 ||    10
Dodge: Dodged            |    43 |    56 |   318 |   372 |   698 ||  1487

Table legend: (Time is in decaauts)
 A = Elapsed time spent in this place.
 B = Non-inter-level travel time spent in this place.
 C = Inter-level travel time spent in this place.
 D = Time resting spent in this place.
 E = Time spent auto-exploring this place.
 F = Levels seen in this place.
 G = Mean time per level.
                   A        B        C        D        E       F      G
               +--------+--------+--------+--------+--------+-----+--------+
         Total |  22344 |  21462 |    882 |   3870 |  13008 |  21 | 1064.0 |
       Dungeon |  14894 |  14335 |    559 |   2946 |   8383 |  14 | 1063.9 |
          Lair |   5942 |   5620 |    322 |    342 |   4143 |   5 | 1188.4 |
         Sewer |    461 |    461 |      0 |     56 |    203 |   1 |  461.0 |
        Bailey |   1047 |   1047 |      0 |    525 |    277 |   1 | 1047.0 |
               +--------+--------+--------+--------+--------+-----+--------+

Top non-repeatable levels by time:
     D:4: 1612 daAuts
    D:12: 1572 daAuts
     D:8: 1500 daAuts
  Lair:5: 1480 daAuts
     D:7: 1426 daAuts
  Lair:4: 1384 daAuts
     D:9: 1367 daAuts
    D:10: 1341 daAuts
     D:2: 1139 daAuts
  Lair:3: 1123 daAuts
    D:11: 1111 daAuts
  Lair:2: 1053 daAuts
  Bailey: 1047 daAuts
     D:1: 917 daAuts
     D:5: 912 daAuts
